 Dungeon Crawl Stone Soup version 0.21.0-24-g2553a33 (webtiles) character file.

725 Stormphoenix the Basher (level 7, -3/70 HPs)
             Began as an Ogre Berserker on Jan 19, 2018.
             Was an Elder of Trog.
             Slain by Prince Ribbit (15 damage)
             ... on level 5 of the Dungeon on Jan 20, 2018.
             The game lasted 00:08:23 (5164 turns).

Stormphoenix the Basher (Ogre Berserker)            Turns: 5164, Time: 00:08:24

Health: -3/70      AC:  4    Str: 30 (32) XL:     7   Next: 72%
Magic:  7/7        EV: 10    Int:  8      God:    Trog [****..]
Gold:   226        SH:  0    Dex: 10      Spells: 6/6 levels left

rFire    . . .     SeeInvis .   h - +0 giant spiked club
rCold    . . .     Gourm    .   (shield currently unavailable)
rNeg     . . .     Faith    .   b - +1 animal skin
rPois    .         Spirit   .   (helmet restricted)
rElec    .         Reflect  .   (no cloak)
rCorr    .         Harm     .   (gloves unavailable)
MR       .....                  (boots unavailable)
Stlth    +.........             (no amulet)
HPRegen  0.21/turn              m - +5 ring of strength
MPRegen  0.10/turn              (no ring)

@: mighty, berserk cooldown, hasted, very quick
A: large, unfitting armour, tough skin 1
a: Berserk, Trog's Hand, Brothers in Arms, Burn Spellbooks, Renounce Religion


You were on level 5 of the Dungeon.
You worshipped Trog.
Trog was greatly pleased with you.
You were not hungry.

You visited 2 branches of the dungeon, and saw 6 of its levels.

You collected 226 gold pieces.

Inventory:

Hand Weapons
 h - a +0 giant spiked club (weapon)
Armour
 b - a +1 animal skin (worn)
Jewellery
 m - a +5 ring of strength (left hand)
Wands
 f - a wand of acid (3)
 n - a wand of paralysis (18)
 o - a wand of flame (28)
Scrolls
 g - 5 scrolls of identify
 i - a scroll of enchant armour
 j - 2 scrolls of teleportation
 k - a scroll of blinking
 l - a scroll of magic mapping
Potions
 a - a potion of magic {unknown}
 d - a potion of haste
Comestibles
 c - 5 rations


   Skills:
 - Level 4.0 Fighting
 + Level 11.3 Maces & Flails
 - Level 2.6 Dodging


You had 6 spell levels left.
You didn't know any spells.

Dungeon Overview and Level Annotations

Branches:
Dungeon (5/15)             Temple (1/1) D:4

Altars:
Ashenzari
Cheibriados
Dithmenos
Elyvilon
Fedhas
Gozag
Hepliaklqana
Kikubaaqudgha
Nemelex Xobeh
Okawaru
Qazlal
Uskayaw
Vehumet
Xom
Yredelemnul
Zin
The Shining One

Annotations:
D:5 Prince Ribbit


Innate Abilities, Weirdness & Mutations

You are too large for most types of armour.
You have tough skin. (AC +1)


Message History

Wield which item (- for none, * to show all)? (? for menu, Esc to quit)
Okay, then.
You feel yourself speed up. Prince Ribbit hits you!
* * * LOW HITPOINT WARNING * * *
You miss Prince Ribbit.
Prince Ribbit is lightly wounded.
Prince Ribbit blinks!
You feel very mighty all of a sudden.
You feel yourself speed up.
Okay, then.
You closely miss Prince Ribbit.
Prince Ribbit is lightly wounded.
Prince Ribbit misses you.
You barely miss Prince Ribbit.
Prince Ribbit is lightly wounded.
Prince Ribbit hits you!
* * * LOW HITPOINT WARNING * * *
You closely miss Prince Ribbit.
Prince Ribbit is lightly wounded.
Prince Ribbit hits you!
You die...

#.#.#.# #.#.#.#
#.#.#.# #.#.#.##
#.#....## #.....#.##
#.....[..# #.F...#..#
#@#....#.# ##.#.#.##.#
##....#.##.#
...#####.###.#.##.###
.......$.# #.>........
#.####.#.###.###......
.................####
#######%###.####.#
#$..F.... .#


You could see Prince Ribbit.

Vanquished Creatures
  Sigmund (D:3)
  An ice beast (D:3)
  An ogre (D:4)
  A scorpion (D:4)
  A hound (D:4)
  An orc wizard (D:4)
  4 worker ants (D:4)
  4 adders
  A howler monkey skeleton (D:4)
  An ooze (D:4)
  An adder skeleton (D:4)
  5 worms
  A dart slug (D:1)
  3 leopard geckos
  7 orcs
  A ball python (D:4)
  2 giant cockroaches (D:4)
  5 goblins
  4 hobgoblins
  16 jackals
  3 quokkas
  15 bats
  5 frilled lizards
  A jackal zombie (D:5)
  9 kobolds
  A leopard gecko skeleton (D:4)
  5 rats
100 creatures vanquished.

Notes
Turn   | Place    | Note
-------+----------+-------------------------------------------
     0 | D:1      | Stormphoenix the Ogre Berserker began the quest for the Orb.
     0 | D:1      | Reached XP level 1. HP: 24/24 MP: 1/1
   361 | D:1      | Reached skill level 3 in Maces & Flails
   366 | D:1      | Reached XP level 2. HP: 20/32 MP: 2/2
  1076 | D:1      | Reached XP level 3. HP: 28/39 MP: 3/3
  1475 | D:1      | Reached ** piety under Trog
  1498 | D:1      | Reached skill level 10 in Maces & Flails
  1498 | D:1      | Reached XP level 4. HP: 43/48 MP: 4/4
  1762 | D:2      | Found a basalt altar of Yredelemnul.
  1768 | D:2      | Noticed a profane servitor
  2147 | D:2      | Found a glowing golden altar of the Shining One.
  2152 | D:2      | Noticed an angel
  2678 | D:3      | Reached XP level 5. HP: 54/54 MP: 5/5
  2892 | D:3      | Found an opulent altar of Gozag.
  2945 | D:3      | Reached *** piety under Trog
  3334 | D:3      | Noticed Sigmund
  3338 | D:3      | Noticed an ice beast
  3345 | D:3      | Killed Sigmund
  3345 | D:3      | Reached XP level 6. HP: 62/62 MP: 6/6
  3350 | D:3      | Killed an ice beast
  3567 | D:4      | Reached skill level 11 in Maces & Flails
  3575 | D:4      | Found a staircase to the Ecumenical Temple.
  3576 | D:4      | Found a shattered altar of Ashenzari.
  3608 | D:4      | Reached XP level 7. HP: 70/70 MP: 7/7
  3844 | Temple   | Entered the Ecumenical Temple
  4405 | D:4      | Found a hazy altar of Hepliaklqana.
  4480 | D:4      | Reached **** piety under Trog
  4942 | D:5      | Entered Level 5 of the Dungeon
  5103 | D:5      | Noticed Prince Ribbit
  5164 | D:5      | Slain by Prince Ribbit

Skill      XL: |  1  2  3  4  5  6 |
---------------+-------------------+-----
Maces & Flails | 3 10 11 | 11.3
Fighting       | |  4.0
Dodging        | |  2.6

Action                   |  1- 3 |  4- 6 |  7- 9 || total
-------------------------+-------+-------+-------++-------
Melee: Mace              |    73 |   184 |    62 ||   319
       Giant spiked club |       |       |    55 ||    55
Invok: Berserk           |     1 |     2 |     2 ||     5
       Burn Spellbooks   |       |     1 |       ||     1
  Use: Scroll            |     5 |     5 |     2 ||    12
       Potion            |     2 |     4 |     3 ||     9
  Eat: Chunk             |     2 |     9 |     2 ||    13
       Ration            |       |       |     2 ||     2
Armor: Animal skin       |    30 |    70 |    44 ||   144
Dodge: Dodged            |    67 |   104 |    89 ||   260
